 Dungeon Crawl Stone Soup version 0.20.1-1-g8b1a95d (webtiles) character file.

441 RicketyTrickster the Cutter (level 7, 0/44 HPs)
             Began as a Kobold Berserker on July 12, 2017.
             Was a Believer of Trog.
             Slain by an orc
             ... wielding a +0 hand axe
              (5 damage)
             ... on level 3 of the Dungeon.
             The game lasted 00:08:26 (2673 turns).

RicketyTrickster the Cutter (Kobold Berserker)      Turns: 2673, Time: 00:08:29

Health: 0/44       AC:  3    Str: 17      XL:     7   Next: 22%
Magic:  7/7        EV: 17    Int:  7 (8)  God:    Trog [**....]
Gold:   165        SH:  0    Dex: 13 (14) Spells: 6/6 levels left

rFire    . . .     SeeInvis .   i - +0 dagger (freeze)
rCold    . . .     Gourm    .   (shield restricted)
rNeg     . . .     Faith    .   b - +1 animal skin
rPois    .         Spirit   .   (helmet restricted)
rElec    .         Reflect  .   (no cloak)
rCorr    .         Harm     .   (no gloves)
MR       .....     Rnd*Rage +   (no boots)
Stlth    ++........             (no amulet)
Regen    0.2/turn               (no ring)
MPRegen  0.1/turn               (no ring)

@: berserk cooldown, slowed, very slow
A: horns 1, berserk 1, carnivore 3, deterioration 1
a: Berserk, Trog's Hand, Burn Spellbooks, Renounce Religion


You were on level 3 of the Dungeon.
You worshipped Trog.
Trog was pleased with you.
You were completely stuffed.

You visited 1 branch of the dungeon, and saw 5 of its levels.

You collected 165 gold pieces.

Inventory:

Hand Weapons
 i - a +0 dagger of freezing (weapon)
Armour
 b - a +1 animal skin (worn)
Scrolls
 e - 3 scrolls of identify
 g - a scroll of remove curse {unknown}
 h - a scroll of recharging {unknown}
Potions
 d - 4 potions of agility
Comestibles
 c - 2 meat rations
 f - 3 chunks of flesh


   Skills:
 * Level 4.8 Fighting
 * Level 5.7 Short Blades
 * Level 3.2 Armour
 * Level 4.9 Dodging
 + Level 2.2 Stealth


You had 6 spell levels left.
You didn't know any spells.

Dungeon Overview and Level Annotations

Branches:
Dungeon (5/15)
 Temple: D:4-7

Altars:


Innate Abilities, Weirdness & Mutations

You are small and have problems with some larger weapons.
You are carnivorous and can eat meat at any time.
You have a pair of small horns on your head.
You tend to lose your temper in combat.
Your body sometimes deteriorates upon taking damage.


Message History

You hit the orc wizard. You freeze the orc wizard.
The orc wizard is severely wounded.
The orc hits you with a hand axe.
The gnoll hits you from afar with a spear.
The orc wizard barely misses you.
You hit the orc wizard. You freeze the orc wizard.
Your headbutt misses the orc wizard.
The orc wizard is almost dead.
The gnoll hits you from afar with a spear!
The orc hits you with a hand axe.
The orc wizard casts a spell.
The orc wizard seems to speed up.
The gnoll hits you but does no damage.
You hit the orc wizard but do no damage.
The orc wizard is almost dead.
The orc wizard gestures at you while chanting.
The magic dart hits you!
* * * LOW HITPOINT WARNING * * *
Your body deteriorates!
You feel dopey. The orc hits you with a hand axe.
You die... #.....##..#.###.###.... #.....##g##.....# .##. ########g###...## .. . ####### og#

#g#......
.........##
#g#######
.......## #.#
........#####.#
........ogggoo#
.......@#######
........o.#
.##....##....
.....## #####
..... ..## .


You could see an orc wizard, 3 gnolls and 3 orcs.

Vanquished Creatures
  Sigmund (D:4)
  A crimson imp (D:5)
  3 orc wizards
  6 adders
  4 gnolls (D:3)
  An ooze (D:2)
  A worm (D:2)
  2 dart slugs (D:2)
  3 leopard geckos (D:2)
  5 orcs
  8 bats
  3 giant cockroaches
  4 goblins
  4 hobgoblins (D:2)
  2 quokkas (D:2)
  A ball python (D:2)
  5 frilled lizards
  7 kobolds
  5 rats
66 creatures vanquished.

Notes
Turn   | Place    | Note
-------+----------+-------------------------------------------
     0 | D:1      | RicketyTrickster the Kobold Berserker began the quest for the Orb.
     0 | D:1      | Reached XP level 1. HP: 14/14 MP: 1/1
   160 | D:1      | Reached XP level 2. HP: 19/19 MP: 2/2
   724 | D:2      | Gained mutation: You are partially covered in icy blue scales. (AC +2) [potion of mutation]
   724 | D:2      | Gained mutation: You have a pair of small horns on your head. [potion of mutation]
   728 | D:2      | Lost mutation: You have a pair of small horns on your head. [potion of mutation]
   728 | D:2      | Lost mutation: You are partially covered in icy blue scales. (AC +2) [potion of mutation]
   728 | D:2      | Gained mutation: Your body sometimes deteriorates upon taking damage. [potion of mutation]
   728 | D:2      | Gained mutation: You tend to lose your temper in combat. [potion of mutation]
   728 | D:2      | Gained mutation: You have a pair of small horns on your head. [potion of mutation]
   913 | D:2      | Reached XP level 3. HP: 23/24 MP: 3/3
   991 | D:2      | Reached ** piety under Trog
  1453 | D:2      | Reached XP level 4. HP: 23/29 MP: 4/4
  1880 | D:2      | Reached skill level 1 in Stealth
  2033 | D:2      | Reached XP level 5. HP: 33/33 MP: 5/5
  2213 | D:3      | Reached skill level 5 in Short Blades
  2324 | D:3      | Noticed Sigmund
  2343 | D:5      | Entered Level 5 of the Dungeon
  2382 | D:5      | Reached XP level 6. HP: 18/39 MP: 6/6
  2645 | D:4      | Killed Sigmund
  2645 | D:4      | Reached XP level 7. HP: 44/44 MP: 7/7
  2673 | D:3      | Slain by an orc

Skill      XL: |  1  2  3  4  5  6 |
---------------+-------------------+-----
Fighting       | 4 |  4.8
Armour         | 2 3 |  3.2
Dodging        | 3 4 |  4.9
Stealth        | 1 2 |  2.2
Short Blades   | 5 |  5.7

Action                   |  1- 3 |  4- 6 |  7- 9 || total
-------------------------+-------+-------+-------++-------
Melee: Short sword       |    95 |   105 |       ||   200
       Headbutt          |     8 |    21 |     3 ||    32
       Dagger            |       |     5 |    15 ||    20
Invok: Berserk           |       |     3 |       ||     3
  Use: Potion            |     4 |     1 |       ||     5
       Scroll            |     4 |       |       ||     4
 Stab: Sleeping          |     3 |     3 |       ||     6
  Eat: Chunk             |    10 |     6 |     1 ||    17
Armor: Animal skin       |    21 |    12 |     3 ||    36
Dodge: Dodged            |    72 |    84 |    19 ||   175
